 Dungeon Crawl Stone Soup version 0.17.0-24-gcfadda4 (webtiles) character file.

150301 ketsa the Executioner (level 17, -9/152 HPs)
             Began as a Hill Orc Abyssal Knight on Nov 16, 2015.
             Was the Champion of Lugonu.
             Killed from afar by an octopode crusher (47 damage)
             ... with an iron shot
             ... on level 4 of the Shoals on Nov 17, 2015.
             The game lasted 03:02:37 (54092 turns).

ketsa the Executioner (Hill Orc Abyssal Knight)    Turns: 54092, Time: 03:02:38

Health: -9/152     AC: 25    Str: 27    XL:     17   Next: 53%
Magic:  0/29       EV: 10    Int: 12    God:    Lugonu [******]
Gold:   3371       SH:  0    Dex: 10    Spells: 6 memorised, 10 levels left

rFire  . . .     SeeInvis .     g - +8 executioner's axe (flame)
rCold  + . .     Clarity  .     X - +2 plate armour {rC+}
rNeg   . . .     SustAt   .     (shield currently unavailable)
rPois  +         Gourm    .     D - +1 hat of the Forsaken Stars {rPois}
rElec  .         Spirit   +     j - +2 cloak
rCorr  .         Warding  .     (no gloves)
rMut   .         Stasis   .     U - +0 pair of boots
MR     +....                    F - amulet of guardian spirit
Stlth  ..........               T - +3 ring of slaying
                                n - +5 ring of strength

@: somewhat resistant to hostile enchantments, extremely unstealthy
A: no striking features
a: Depart the Abyss, Bend Space, Banish, Corrupt, Enter the Abyss, Brand Weapon
With Distortion, Renounce Religion


You were on level 4 of the Shoals.
You worshipped Lugonu.
Lugonu was exalted by your worship.
You were not hungry.

You visited 8 branches of the dungeon, and saw 35 of its levels.
You visited the Abyss 1 time.
You also visited: Sewer, Ossuary and Ice Cave.

You collected 4097 gold pieces.
You spent 726 gold pieces at shops.

Inventory:

Hand Weapons
 f - a +2 vampiric war axe
 g - a +8 executioner's axe of flaming (weapon)
 s - a +0 hand axe of flaming
 K - the +9 dire flail of Focus {venom, +Rage MR+++ MP-9}
   (You took it off a centaur on level 14 of the Dungeon)

   It poisons the flesh of those it strikes.
   It affects your resistance to hostile enchantments.
   It affects your magic capacity (-9).
   It lets you go berserk.
 L - a +0 blowgun
 R - a +1 vampiric war axe
Missiles
 k - 106 poisoned needles
 r - 58 tomahawks (quivered)
Armour
 j - a +2 cloak (worn)
 v - the +1 cloak of the Equinox {Stlth+}
   (You found it on level 1 of the Shoals)

   It makes you more stealthy.
 w - a +0 cloak of invisibility
 D - the +1 hat of the Forsaken Stars (worn) {rPois}
   (You acquired it on level 1 of the Shoals)

   It protects you from poison.
 U - a +0 pair of boots (worn)
 X - a +2 plate armour of cold resistance (worn)
Jewellery
 h - an uncursed ring of flight
 l - an uncursed ring of poison resistance
 n - a +5 ring of strength (left hand)
 z - a +4 ring of evasion
 F - an amulet of guardian spirit (around neck)
 I - an uncursed ring of protection from fire
 T - a +3 ring of slaying (right hand)
 Y - an uncursed amulet of resist mutation
 Z - an uncursed ring of protection from cold
Wands
 q - a wand of draining (6)
 y - a wand of teleportation (4)
 G - a wand of disintegration (9)
 O - a wand of digging (5)
 V - a wand of slowing (45)
 W - a wand of enslavement (11)
Scrolls
 a - 4 scrolls of recharging
 m - 2 scrolls of silence
 o - 5 scrolls of fear
 p - 5 scrolls of remove curse
 A - 5 scrolls of identify
 C - 5 scrolls of enchant armour
 E - 9 scrolls of teleportation
 N - a scroll of fog
 Q - a scroll of blinking
Potions
 b - a potion of cure mutation
 d - 4 potions of ambrosia
 e - 2 potions of resistance
 i - a potion of heal wounds
 t - 3 potions of might
 B - 4 potions of cancellation
 J - 5 potions of curing
 P - a potion of haste
 S - a potion of agility
Miscellaneous
 u - a lantern of shadows
 H - a disc of storms
Comestibles
 c - 19 bread rations
 x - 2 meat rations


   Skills:
 + Level 14.0 Fighting
 * Level 21.8 Axes
 + Level 15.0 Armour
 - Level 4.8 Dodging
 - Level 1.2 Spellcasting
 - Level 2.0 Conjurations
 - Level 3.2 Hexes
 - Level 3.8 Summonings
 - Level 1.4 Translocations
 - Level 1.2 Air Magic
 - Level 1.4 Poison Magic
 + Level 17.0 Invocations
 + Level 6.6 Evocations


You had 10 spell levels left.
You knew the following spells:

 Your Spells              Type           Power        Failure   Level  Hunger
a - Apportation           Tloc           #.........   92%         1    ##.....
b - Summon Butterflies    Summ           #.......     38%         1    ##.....
c - Corona                Hex            #......      52%         1    ##.....
d - Animate Skeleton      Necr           N/A          99%         1    ##.....
e - Summon Small Mammal   Summ           #...         38%         1    ##.....
f - Mephitic Cloud        Conj/Pois/Air  #.......     100%        3    ####...


Dungeon Overview and Level Annotations

Branches:
Dungeon (15/15)            Temple (1/1) D:4            Lair (8/8) D:11
 Shoals (4/4) Lair:5       Spider (1/4) Lair:4        Slime (1/6) Lair:7
    Orc (4/4) D:9             Elf (1/3) Orc:4        Vaults (0/5) D:14
 Depths: D:15

Altars:
Ashenzari
Cheibriados
Dithmenos
Elyvilon
Fedhas
Gozag
Kikubaaqudgha
Makhleb
Nemelex Xobeh
Okawaru
Qazlal
Ru
Sif Muna
Trog
Vehumet
Xom
Yredelemnul
Zin
The Shining One
Beogh

Shops:
D:4 =   D:7 *   D:8 :   D:12 *   Orc:4 ?(:(*}   Shoals:2 :

Portals:
Hell: Lair:8

Annotations:
Shoals:1 exclusion: downstairs
Shoals:4 corrupted, Ilsuiw
Abyss:1 Sonja


Message History

The starcursed mass engulfs Ilsuiw.
The starcursed mass completely misses Ilsuiw.
The large abomination hits the octopode crusher!!
The smoke demon gestures at the octopode crusher.
The octopode crusher is smitten.
You hear a haunting song.
The thrashing horror tramples something.
Something holds its ground!
The thrashing horror completely misses something.
The small abomination barely misses something.
The merfolk throws a tomahawk.
The tomahawk barely misses you.
You hear a splash.
Something hits the large abomination!
Something engulfs the large abomination in water!
Something closely misses Ilsuiw.
The bone dragon bites the tentacle.
The bone dragon barely misses the tentacle.
The bone dragon tramples the tentacle.
The octopode crusher casts a spell at you.
The iron shot hits you!
You die...

≈≈≈≈≈≈≈≈≈≈≈≈≈≈≈
≈≈≈≈≈≈≈≈≈≈≈≈≈≈≈≈
≈≈≈≈≈≈≈≈≈≈≈≈≈≈≈≈≈≈
≈≈≈≈≈..≈≈≈≈≈≈≈≈≈≈≈
........(≈≈≈≈≈≈≈≈≈≈
#.....≈≈≈≈≈≈≈....
...#....≈≈≈#≈≈.#...
≈≈≈...#@≈(#<≈...... ....
≈≈#≈...).≈#≈≈...........
≈≈≈≈....#...**.*.....?..
≈≈≈≈#..xX3.(...**.......
≈≈≈≈x3m#(E#..w****......
≈≈≈≈5#m.xXo.)Dw****.....
≈≈≈≈≈XXhW....(..****....
≈≈≈≈X5X...h#m#.##X*.....
#≈#≈.Wh...xm### #......


You could see Ilsuiw, an octopode crusher, a merfolk, 2 tentacles, a neutral
bone dragon, 4 neutral starcursed masses, a neutral thrashing horror, a neutral
large abomination, a neutral smoke demon, a neutral hungry ghost, a neutral
neqoxec, a neutral warg, 2 neutral small abominations, a neutral quasit and a
neutral ufetubus.

Vanquished Creatures
  Polyphemus (Shoals:2)
  Gastronok (Lair:2)
  Donald (Shoals:1)
  Maud (Lair:4)
  A stone giant (Shoals:2)
  A dire elephant (Lair:8)
  The ghost of Rayvis the Ninja, a journeyman FeEn of Dithmenos (Shoals:3)
  Azrael (Orc:4)
  2 merfolk impalers (Shoals:2)
  An entropy weaver (Lair:4)
  3 centaur warriors
  5 hydras
  6 merfolk avatars
  2 catoblepae
  2 alligator snapping turtles (Shoals:3)
  A satyr (Shoals:3)
  A merfolk aquamancer (Shoals:3)
  13 death yaks
  5 orc high priests
  The ghost of M4edhros the Covert, a novice OpAr of Okawaru (D:11)
  A skeletal warrior (D:13)
  A fire crab (D:10)
  An unseen horror (D:14)
  8 sea snakes
  5 hill giants
  A harpy (shapeshifter) (D:13)
  12 harpies
  3 griffons
  A wolf spider zombie (D:13)
  A lindwurm (Lair:7)
  A necromancer (IceCv)
  9 cyclopes
  A wizard (Lair:8)
  6 orc knights
  An oklob plant (Lair:8)
  7 manticores
  A wolf spider (Lair:2)
  9 fauns
  4 orc sorcerers
  8 elephants
  A sixfirhy (Lair:8)
  3 black mambas
  8 water nymphs
  8 sirens
  4 ugly things
  Joseph (D:9)
  3 ice statues (IceCv)
  Psyche (D:11)
  3 orange demons (Lair:8)
  14 spiny frogs
  15 komodo dragons
  3 gargoyles
  A smoke demon (Lair:8)
  A demonic crawler (Spider:1)
  A yaktaur (D:10)
  An efreet (D:13)
  2 fire drakes
  3 kobold demonologists
  3 red devils (Lair:8)
  6 trolls
  8 merfolk
  3 wind drakes
  13 blue devils
  4 polar bears
  3 snapping turtles
  19 blink frogs
  A two-headed ogre (D:11)
  A trapdoor spider (Lair:4)
  14 slime creatures
  A trapdoor spider zombie (D:7)
  5 wyverns
  4 fire elementals
  2 wraiths
  A redback (Spider:1)
  12 water elementals
  34 yaks
  2 tarantellas
  3 basilisks
  20 hippogriffs
  Grum (D:7)
  A deep elf mage (D:11)
  4 hungry ghosts
  Menkaure (Ossuary)
  A soldier ant (D:13)
  A hell hound (Lair:8)
  6 wolves
  4 vampire mosquitoes (D:14)
  A mottled dragon (D:11)
  24 water moccasins
  36 orc warriors
  A black bear (D:13)
  3 spiders
  11 ice beasts
  2 phantoms
  A wasp (D:10)
  A necrophage (D:8)
  26 centaurs
  10 ogres
  14 porcupines
  10 sky beasts
  A tengu (shapeshifter) (D:14)
  An eye of draining (D:11)
  A centaur (shapeshifter) (D:14)
  19 crocodiles
  4 big kobolds
  A wyvern zombie (D:10)
  A water moccasin zombie (D:8)
  A brain worm (Lair:5)
  22 giant frogs
  5 scorpions
  2 draconian simulacra (IceCv)
  18 killer bees
  A jelly (D:14)
  20 wights
  8 electric eels
  2 crimson imps
  3 giant frog zombies
  A wasp zombie (D:10)
  39 orc wizards
  A lava snake (D:7)
  9 hounds
  4 centaur skeletons
  A giant frog skeleton (D:12)
  17 worker ants
  4 centaur zombies
  33 orc priests
  2 quasits
  36 sheep
  6 hell rats (Lair:5)
  21 iguanas
  A worker ant (shapeshifter) (D:14)
  A spriggan simulacrum (IceCv)
  A killer bee zombie (D:6)
  A hound zombie (D:8)
  2 hound skeletons
  3 mummies
  4 gnolls (D:11)
  Robin (D:2)
  4 naga simulacra (IceCv)
  21 adders
  3 ogre simulacra (IceCv)
  52 river rats
  2 shadow imps
  An adder zombie (D:6)
  An adder skeleton (D:5)
  4 worms
  7 giant geckos
  205 orcs
  A ball python (D:2)
  7 giant cockroaches
  24 hobgoblins
  10 jackals
  24 kobolds
  7 bats
  A giant gecko skeleton (D:4)
  2 giant gecko zombies (D:6)
  4 giant newts
  2 gnoll skeletons (Ossuary)
  2 gnoll zombies (Ossuary)
  17 goblins
  2 goblin skeletons (Ossuary)
  2 goblin zombies (D:6)
  A hobgoblin skeleton (Ossuary)
  6 hobgoblin zombies (Ossuary)
  3 kobold skeletons (Ossuary)
  2 kobold zombies (Ossuary)
  5 orc skeletons (Ossuary)
  2 orc zombies (Ossuary)
  6 quokkas
  A quokka zombie (D:5)
  14 rats
  2 rat skeletons (Ossuary)
  4 rat zombies (Ossuary)
  A bush (Lair:5)
  6 fungi
  26 plants
1304 creatures vanquished.

Vanquished Creatures (others)
  An ettin (D:10)
  A merfolk impaler (Shoals:4)
  2 hydras
  An ugly thing (D:14)
  An orc sorcerer (Orc:3)
  2 black mambas
  2 komodo dragons (Lair:1)
  2 trolls
  3 ice beasts
  2 orc warriors
  A sky beast (D:5)
  An ogre (D:6)
  3 killer bees (D:10)
  A crimson imp (D:14)
  A jelly (D:5)
  2 orc priests
  An orc wizard (D:8)
  2 mummies (Ossuary)
  2 orcs
  3 gnoll skeletons (Ossuary)
  A goblin skeleton (Ossuary)
  3 goblin zombies (Ossuary)
  A hobgoblin skeleton (Ossuary)
  A kobold skeleton (Ossuary)
  3 kobold zombies (Ossuary)
  2 orc skeletons (Ossuary)
  2 orc zombies (Ossuary)
  2 rat skeletons (Ossuary)
  A rat zombie (Ossuary)
  2 bushes (Lair:2)
  8 fungi
  50 plants
  A tentacle (Shoals:4)
  364 tentacle segments (Shoals:4)
475 creatures vanquished.

Grand Total: 1779 creatures vanquished

Notes
Turn   | Place    | Note
--------------------------------------------------------------
     0 | Abyss:1  | ketsa the Hill Orc Abyssal Knight began the quest for the Orb.
     0 | Abyss:1  | Reached XP level 1. HP: 19/19 MP: 2/2
    35 | D:1      | Escaped the Abyss
   220 | D:1      | Reached XP level 2. HP: 20/27 MP: 4/4
   484 | D:1      | Reached skill level 4 in Fighting
   718 | D:1      | Reached ** piety under Lugonu
  1052 | D:2      | Reached XP level 3. HP: 22/33 MP: 5/5
  1064 | D:2      | Found a blossoming altar of Fedhas.
  1376 | D:2      | Found a glowing golden altar of the Shining One.
  1385 | D:2      | Reached XP level 4. HP: 36/40 MP: 6/6
  1411 | D:2      | Noticed Robin
  1489 | D:2      | Found a burning altar of Makhleb.
  1491 | D:2      | Found a radiant altar of Vehumet.
  1491 | D:2      | Found an opulent altar of Gozag.
  1633 | D:2      | Killed Robin
  1647 | D:2      | Reached *** piety under Lugonu
  1897 | D:2      | Found a sparkling altar of Nemelex Xobeh.
  2066 | D:3      | Noticed a water moccasin
  2182 | D:3      | Reached XP level 5. HP: 40/47 MP: 7/7
  2383 | D:3      | Reached skill level 5 in Axes
  2911 | D:5      | Entered Level 5 of the Dungeon
  3130 | D:4      | Reached XP level 6. HP: 53/55 MP: 8/8
  3313 | D:4      | Got an encrusted leather armour
  3324 | D:4      | Identified the +1 leather armour of Tezxis {*Drain rC+ Dex+3} (You found it on level 4 of the Dungeon)
  3356 | D:4      | Noticed a fire elemental
  3357 | D:4      | Found a stormy altar of Qazlal.
  3360 | D:4      | Noticed an air elemental
  3374 | D:4      | Found a basalt altar of Yredelemnul.
  3387 | D:4      | Reached skill level 5 in Fighting
  3444 | D:4      | Found Fiepan's Jewellery Shop.
  3467 | D:4      | Reached **** piety under Lugonu
  3482 | D:4      | Reached skill level 6 in Axes
  3753 | D:4      | Killed a water moccasin
  3849 | D:4      | Reached XP level 7. HP: 45/61 MP: 10/10
  4018 | D:4      | Found a staircase to the Ecumenical Temple.
  4048 | Temple   | Entered the Ecumenical Temple
  4329 | D:4      | Noticed a water elemental
  4360 | D:4      | Found a shadowy altar of Dithmenos.
  4443 | D:5      | Noticed an ogre
  4487 | D:5      | Killed an ogre
  4487 | D:5      | Reached skill level 7 in Axes
  4570 | D:5      | Noticed a sky beast
  4590 | D:5      | Banished a sky beast
  4596 | D:5      | Reached skill level 5 in Invocations
  4854 | D:5      | Noticed a sky beast
  4936 | D:4      | Killed a sky beast
  5246 | D:5      | Noticed an ice beast
  5378 | D:5      | Reached skill level 8 in Axes
  5378 | D:5      | Reached XP level 8. HP: 63/70 MP: 12/12
  5666 | D:6      | Found a glowing drain.
  5700 | Sewer    | Entered a sewer
  5997 | Sewer    | Found a white marble altar of Elyvilon.
  6127 | D:6      | Found a sand-covered staircase.
  6162 | Ossuary  | Entered an ossuary
  6583 | Ossuary  | Reached ***** piety under Lugonu
  6620 | Ossuary  | Noticed Menkaure
  6638 | Ossuary  | Killed Menkaure
  6638 | Ossuary  | Reached skill level 9 in Axes
  6775 | D:6      | Reached skill level 5 in Armour
  7173 | D:6      | Reached XP level 9. HP: 33/79 MP: 14/14
  7563 | D:6      | Found a snail-covered altar of Cheibriados.
  7726 | D:6      | Reached skill level 10 in Axes
  7980 | D:6      | Reached skill level 1 in Evocations
  8589 | D:7      | Reached skill level 11 in Axes
  8877 | D:7      | Found a bloodstained altar of Trog.
  9232 | D:7      | Found Carreje's Assorted Antiques.
  9235 | D:7      | Bought a scroll labeled QOANIC ZARUD for 23 gold pieces
  9235 | D:7      | Bought a glowing white potion for 20 gold pieces
  9235 | D:7      | Bought a scroll labeled DEAGAT CASIN for 23 gold pieces
  9554 | D:8      | Noticed Grum
  9855 | D:7      | Killed Grum
  9855 | D:7      | Reached XP level 10. HP: 65/86 MP: 16/16
 10066 | D:8      | Found a sparkling altar of Nemelex Xobeh.
 10176 | D:8      | Reached skill level 12 in Axes
 10519 | D:8      | Identified a scroll of acquirement
 10935 | D:8      | Found Weodizxa's Book Emporium.
 10940 | D:8      | Bought a book of Cantrips for 280 gold pieces
 12295 | D:9      | Learned a level 1 spell: Apportation
 12297 | D:9      | Learned a level 1 spell: Summon Butterflies
 12299 | D:9      | Learned a level 1 spell: Corona
 12301 | D:9      | Learned a level 1 spell: Animate Skeleton
 12303 | D:9      | Learned a level 1 spell: Summon Small Mammal
 12419 | D:9      | Noticed Joseph
 12450 | D:9      | Killed Joseph
 12450 | D:9      | Reached skill level 1 in Hexes
 12855 | D:9      | Reached skill level 13 in Axes
 12868 | D:9      | Found a staircase to the Orcish Mines.
 13116 | D:10     | Entered Level 10 of the Dungeon
 13187 | D:10     | Reached XP level 11. HP: 70/94 MP: 17/17
 13427 | D:10     | Reached skill level 5 in Evocations
 13643 | D:10     | Found a large runed door.
 13643 | D:10     | Found a large runed door.
 14031 | D:10     | Got a smoking leather armour
 14113 | D:10     | Reached skill level 1 in Summonings
 15825 | D:10     | Identified the cursed +1 leather armour of Resourcefulness {rCorr Slay-2 SInv} (You found it on level 10 of the Dungeon)
 15837 | D:10     | Noticed a hill giant
 15868 | D:10     | Killed a hill giant
 16093 | D:11     | Reached skill level 10 in Invocations
 16131 | D:11     | Reached skill level 14 in Axes
 16517 | D:11     | Noticed Psyche
 16523 | D:11     | Killed Psyche
 16524 | D:11     | Found a staircase to the Lair.
 16525 | D:11     | Noticed M4edhros's ghost (novice OpAr)
 16848 | D:11     | You fall through a shaft for 3 floors!
 17266 | D:14     | Reached XP level 12. HP: 70/105 MP: 19/19
 17622 | D:12     | Noticed a five-headed hydra
 18297 | D:13     | Reached skill level 15 in Axes
 18629 | D:14     | Noticed a centaur warrior
 18642 | D:14     | Killed a centaur warrior
 18642 | D:14     | Reached skill level 10 in Fighting
 19365 | D:13     | Reached skill level 10 in Armour
 19787 | D:12     | Banished a five-headed hydra
 19787 | D:12     | Reached skill level 16 in Axes
 19794 | D:12     | Found Dypnuwk's Demolitions Depot.
 20659 | D:11     | Reached ****** piety under Lugonu
 21114 | D:11     | Killed M4edhros's ghost
 21114 | D:11     | Reached XP level 13. HP: 96/114 MP: 21/21
 22012 | D:11     | Reached skill level 17 in Axes
 22307 | Lair:1   | Entered Level 1 of the Lair of Beasts
 22670 | Lair:1   | Found a frozen archway.
 22734 | IceCv    | Entered an ice cave
 25185 | IceCv    | Got a slimy chain mail
 25206 | IceCv    | Identified the +8 chain mail of Inviolability {MP+9} (You found it in an ice cave)
 25835 | Lair:1   | Reached skill level 18 in Axes
 26379 | Lair:2   | Noticed Gastronok
 27677 | Lair:2   | Reached XP level 14. HP: 116/122 MP: 24/24
 27828 | Lair:2   | Killed Gastronok
 28811 | Lair:4   | Found a hole to the Spider Nest.
 28822 | Spider:1 | Entered Level 1 of the Spider Nest
 28826 | Lair:4   | Noticed Maud
 28842 | Lair:4   | Killed Maud
 29159 | Lair:4   | Learned a level 3 spell: Mephitic Cloud
 30336 | Orc:1    | Entered Level 1 of the Orcish Mines
 30690 | Orc:4    | Entered Level 4 of the Orcish Mines
 30690 | Orc:4    | Noticed Azrael
 31227 | Orc:1    | Reached skill level 19 in Axes
 31334 | Orc:1    | Found a bloodstained altar of Trog.
 31791 | Orc:3    | Paralysed by an orc sorcerer for 6 turns
 33136 | Orc:4    | Found a roughly hewn altar of Beogh.
 33612 | D:10     | Noticed an ettin
 33617 | D:10     | Banished an ettin
 33623 | D:10     | Noticed a fire crab
 33630 | D:10     | Killed a fire crab
 33894 | D:10     | Found a sacrificial altar of Ru.
 33897 | D:10     | Found a snail-covered altar of Cheibriados.
 34455 | D:13     | Noticed Sonja
 34456 | D:13     | Banished Sonja
 35615 | D:15     | Entered Level 15 of the Dungeon
 35669 | D:14     | Found a roughly hewn altar of Beogh.
 35718 | D:14     | Found a gate to the Vaults.
 36559 | D:14     | Noticed a centaur warrior
 36568 | D:14     | Killed a centaur warrior
 36612 | D:14     | Got an uncursed crude dire flail {venom}
 36931 | D:14     | Reached XP level 15. HP: 127/132 MP: 26/26
 37025 | D:14     | Killed an unseen horror
 37282 | D:12     | Reached skill level 15 in Invocations
 37587 | Lair:5   | Found a staircase to the Shoals.
 38842 | Shoals:1 | Entered Level 1 of the Shoals
 38914 | Lair:6   | Reached skill level 1 in Dodging
 39297 | Lair:6   | Reached skill level 20 in Axes
 39849 | Lair:7   | Found a glowing golden altar of the Shining One.
 40251 | Lair:7   | Found a staircase to the Slime Pits.
 40778 | Slime:1  | Entered Level 1 of the Pits of Slime
 40800 | Lair:8   | Entered Level 8 of the Lair of Beasts
 43084 | Lair:8   | Reached XP level 16. HP: 72/141 MP: 27/27
 43397 | Lair:8   | Found a burning altar of Makhleb.
 43906 | Lair:8   | Found a gateway to Hell.
 43927 | Lair:8   | Identified the +9 dire flail of Focus {venom, +Rage MR+++ MP-9} (You took it off a centaur on level 14 of the Dungeon)
 44323 | Orc:4    | Found Viushovu's Gadget Shop.
 44822 | Orc:4    | Killed Azrael
 45150 | Orc:4    | Found Ureu's Magic Scroll Shoppe.
 45335 | Orc:4    | Found a staircase to the Elven Halls.
 45361 | Elf:1    | Entered Level 1 of the Elven Halls
 45489 | Orc:4    | Reached skill level 21 in Axes
 45505 | Orc:4    | Found Syafuc's Book Shoppe.
 45505 | Orc:4    | Found Goeph's Antique Weapon Shop.
 45505 | Orc:4    | Found Kiorav's Assorted Antiques.
 45505 | Orc:4    | Found Oqaennis's Weapon Shop.
 45802 | Orc:4    | Paralysed by an orc sorcerer for 3 turns
 45810 | Orc:4    | Paralysed by an orc sorcerer for 7 turns
 46084 | Orc:4    | Bought a scroll of teleportation for 90 gold pieces
 46084 | Orc:4    | Bought a potion of curing for 90 gold pieces
 46482 | D:4      | Bought an uncursed ring of poison resistance for 200 gold pieces
 47989 | Shoals:1 | Got a fine cloak
 48000 | Shoals:1 | Identified the +1 cloak of the Equinox {Stlth+} (You found it on level 1 of the Shoals)
 48054 | Shoals:2 | Noticed Polyphemus
 48069 | Shoals:1 | Got a spiked hat
 48080 | Shoals:1 | Identified the +1 hat of the Forsaken Stars {rPois} (You acquired it on level 1 of the Shoals)
 48154 | Shoals:1 | Found a snail-covered altar of Cheibriados.
 49236 | Shoals:2 | Noticed Donald
 49252 | Shoals:1 | Killed Donald
 49761 | Shoals:2 | Found Elen's Book Shoppe.
 49980 | Shoals:2 | Reached XP level 17. HP: 151/151 MP: 29/29
 50103 | Shoals:2 | Killed Polyphemus
 50103 | Shoals:2 | Reached skill level 1 in Conjurations
 51144 | Shoals:2 | Reached skill level 1 in Translocations
 51233 | Shoals:2 | Reached skill level 1 in Air Magic
 51491 | Shoals:2 | Reached skill level 1 in Poison Magic
 51900 | Shoals:3 | Noticed Rayvis's ghost (journeyman FeEn)
 51917 | Shoals:3 | Killed Rayvis's ghost
 52615 | Shoals:4 | Entered Level 4 of the Shoals
 52623 | Shoals:4 | Reached skill level 1 in Spellcasting
 52680 | Shoals:4 | Reached skill level 15 in Armour
 53309 | Shoals:4 | Noticed Ilsuiw
 54086 | Shoals:4 | Corrupted Shoals:4
 54086 | Shoals:4 | Noticed a bone dragon
 54092 | Shoals:4 | Killed from afar by an octopode crusher

Action                   |  1- 3 |  4- 6 |  7- 9 | 10-12 | 13-15 | 16-18 || total
-------------------------+-------+-------+-------+-------+-------+-------++-------
Melee: Hand axe          |   127 |   250 |   607 |       |    47 |       ||  1031
       War axe           |       |       |    46 |   603 |   901 |       ||  1550
       Battleaxe         |       |       |       |   334 |  1223 |    81 ||  1638
       Executioner's axe |       |       |       |       |       |   599 ||   599
 Fire: Blowgun           |       |       |     6 |    27 |    32 |       ||    65
Throw: Stone             |       |     4 |     2 |       |       |       ||     6
       Javelin           |       |       |    14 |    12 |     2 |       ||    28
       Tomahawk          |       |       |     4 |       |    39 |     6 ||    49
Invok: Banish            |       |       |     5 |    10 |    14 |     1 ||    30
       Bend Space        |       |       |       |       |       |     1 ||     1
       Corrupt           |       |       |       |       |       |     1 ||     1
 Abil: Evoke Flight      |       |       |       |       |       |     5 ||     5
Evoke: Wand              |       |       |     1 |     1 |     9 |     5 ||    16
  Use: Scroll            |       |     9 |     9 |    17 |     7 |    16 ||    58
       Potion            |       |     4 |       |    10 |     9 |     5 ||    28
 Stab: Invisible         |       |       |       |       |     1 |       ||     1
       Distracted        |       |       |       |       |       |     1 ||     1
       Petrifying        |       |       |       |       |       |     1 ||     1
       Petrified         |       |       |       |       |       |     1 ||     1
  Eat: Chunk             |     2 |     7 |    18 |    25 |    47 |    33 ||   132
       Fruit             |       |     1 |     2 |     3 |    18 |       ||    24
       Beef jerky        |       |       |     1 |       |       |       ||     1
       Meat ration       |       |       |       |     2 |     4 |     1 ||     7
       Pizza             |       |       |       |     2 |       |     1 ||     3
       Royal jelly       |       |       |       |       |     1 |       ||     1
